 Dungeon Crawl Stone Soup version 0.29-a0-775-g4d7333d4e2 (webtiles) character file.

Game seed: 8947667453977979607

71 IdlyInterested the Ducker (level 4, -5/35 HPs)
             Began as a Demonspawn Monk on July 1, 2022.
             Killed by divine providence
             ... invoked by an orc priest
              (17 damage)
             ... on level 3 of the Dungeon.
             The game lasted 00:04:34 (2899 turns).

IdlyInterested the Ducker (Demonspawn Monk)         Turns: 2899, Time: 00:04:34

Health: -5/35      AC: 17    Str: 13    XL:     4   Next: 5%
Magic:  4/4        EV: 12    Int: 12    God:
Gold:   84         SH:  0    Dex: 15    Spells: 3/3 levels left

rFire   . . .      SeeInvis .   f - +0 rapier
rCold   . . .      Faith    .   (no shield)
rNeg    . . .      Spirit   .   m - +0 leather armour
rPois   .          Reflect  .   i - +2 helmet
rElec   .          Harm     .   (no cloak)
rCorr   .          Rampage  .   h - +1 pair of gloves
Will    .....                   (no boots)
Stlth   ++........              (no amulet)
HPRegen 0.11/turn               (no ring)
MPRegen 0.09/turn               (no ring)

@: sanguine armoured
A: sanguine armour 2
a: no special abilities


You were on level 3 of the Dungeon.
You visited 1 branch of the dungeon, and saw 3 of its levels.

You collected 84 gold pieces.

Inventory:

Hand Weapons
 a - a +0 short sword
 f - a +0 rapier (weapon)
Armour
 h - a +1 pair of gloves (worn)
 i - a +2 helmet (worn)
 m - a +0 leather armour (worn)
Scrolls
 c - a scroll of identify
 d - a scroll of teleportation
 g - 3 scrolls of fear
Potions
 j - 2 potions of curing


   Skills:
 + Level 3.3 Fighting
 + Level 3.0 Short Blades
 * Level 3.4 Dodging
 * Level 2.8 Stealth


You had 3 spell levels left.
You didn't know any spells.
Your spell library contained the following spells:

 Spells                   Type           Power      Damage    Failure   Level
 Sandblast                Erth           0%         2d4       38%         1
 Shock                    Conj/Air       0%         1d3       38%         1
 Passwall                 Tmut/Erth      0%         N/A       54%         2
 Stone Arrow              Conj/Erth      0%         3d7       77%         3
 Swiftness                Air            0%         N/A       77%         3
 Airstrike                Air            0%         0-1+      99%         4


Dungeon Overview and Level Annotations

Branches:
Dungeon (3/15)

Altars:
Vehumet


Innate Abilities, Weirdness & Mutations

When seriously injured, your blood forms thick armour. (AC +9)


Message History

You impale the endoplasm!!
You kill the endoplasm!
There is an escape hatch in the ceiling here.
Done exploring.
Done exploring.
As you read the scroll labelled BYCRAEMUNI, it crumbles to dust.
The air around you briefly surges with heat, but it dissipates.
It was a scroll of immolation.
As you read the scroll labelled VAT DEEGITHRURR, it crumbles to dust.
Magic quickly surges around you.
It was a scroll of vulnerability.
Blink to where?
Press: ? - help, Dir - move target
As you read the scroll labelled GALIZYRIAG, it crumbles to dust.
It was a scroll of blinking.
Okay, then.
Okay, then.
As you read the scroll of identify, it crumbles to dust.
j - 2 potions of curing You drop a +0 robe.
There is a stone staircase leading up here.
Things that are here:
a +0 club; a kobold skeleton
There is a stone staircase leading down here.
You feel your willpower return.
You climb downwards.
Found a potion of curing and a scroll of immolation.
There is a stone staircase leading up here.
An orc comes into view. It is wielding a +0 hand axe.
An orc priest, an orc wizard and an endoplasm come into view.
The orc wizard shouts!
The orc priest shouts!
The orc shouts!
The endoplasm quivers.
A rat comes into view.
The orc priest calls down the wrath of Beogh upon you.
Beogh smites you!
The orc priest calls down the wrath of Beogh upon you.
Beogh smites you!
Your blood congeals into armour.
The orc wizard hits you but does no damage.
The orc priest calls down the wrath of Beogh upon you.
Beogh smites you!
You die...

#... # #... .
+#...#.
###.....#####
....?....o..#
.....⌠.o....#
.......o.o..#
#...Jo###
+#...#@.##
#..J#..!#
#...##.<#
#.... ####
#####


You could see 2 orc priests, an orc wizard and an endoplasm.

Vanquished Creatures
  An adder (D:2)
  7 endoplasms
  3 giant cockroaches (D:1)
  3 goblins
  6 hobgoblins
  6 jackals (D:1)
  4 kobolds
  3 quokkas
  8 ball pythons
  4 bats
  5 frilled lizards
  6 rats
56 creatures vanquished.

Notes
Turn   | Place    | Note
-------+----------+-------------------------------------------
     0 | D:1      | IdlyInterested the Demonspawn Monk began the quest for the
                  | Orb.
     0 | D:1      | Reached XP level 1. HP: 18/18 MP: 1/1
   140 | D:1      | Gained mutation: When seriously injured, your blood forms
                  | armour. (AC +9) [demonic ancestry]
   140 | D:1      | Reached XP level 2. HP: 19/24 MP: 2/2
   726 | D:1      | Found a faded altar of an unknown god.
   735 | D:1      | Gained mutation: When seriously injured, your blood forms
                  | thick armour. (AC +9) [demonic ancestry]
   735 | D:1      | Reached XP level 3. HP: 19/29 MP: 3/3
  2440 | D:2      | Found a radiant altar of Vehumet.
  2537 | D:2      | Reached XP level 4. HP: 35/35 MP: 4/4
  2899 | D:3      | Killed from afar by an orc priest

Illustrated notes

Levels and vault maps discovered:
D:1:      eino_arrival_druids_welcome, layout_basic,
          hellmonk_ecumenical_altar_slurped_away
D:2:      layout_loops_ring, basic_altar
D:3:      layout_rooms, nicolae_overflow_hidden_temple, grunt_ministairs_6,
          uniq_terence, uniq_robin

Skill      XL: |  1  2  3 |
---------------+----------+-----
Stealth        | 2 |  2.8
Dodging        | 3 |  3.4
Short Blades   | 3 |  3.0
Fighting       | |  3.3

Action                   |  1- 3 |  4- 6 || total
-------------------------+-------+-------++-------
Melee: Short sword       |    35 |       ||    35
       Punch             |     1 |       ||     1
       Rapier            |   126 |     2 ||   128
  Use: Potion            |     1 |       ||     1
       Scroll            |     4 |     4 ||     8
 Stab: Sleeping          |     6 |     2 ||     8
Armor: Robe              |    52 |       ||    52
       Leather armour    |       |     1 ||     1
Dodge: Dodged            |    95 |       ||    95

Table legend: (Time is in decaauts)
 A = Elapsed time spent in this place.
 B = Non-inter-level travel time spent in this place.
 C = Inter-level travel time spent in this place.
 D = Time resting spent in this place.
 E = Time spent auto-exploring this place.
 F = Levels seen in this place.
 G = Mean time per level.
                   A        B        C        D        E       F      G
               +--------+--------+--------+--------+--------+-----+--------+
         Total |   2904 |   2862 |     42 |   1092 |   1225 |   3 |  968.0 |
       Dungeon |   2904 |   2862 |     42 |   1092 |   1225 |   3 |  968.0 |
               +--------+--------+--------+--------+--------+-----+--------+

Top non-repeatable levels by time:
     D:1: 1668 daAuts
     D:2: 1228 daAuts
     D:3: 6 daAuts
